 Dungeon Crawl Stone Soup version 0.27-a0-1202-ge72e49191c (webtiles) character file.

Game seed: 3916602618113195528

79 robertstho the Stinger (level 4, -5/37 HPs)
             Began as a Naga Venom Mage on June 2, 2021.
             Slain by an iguana (10 damage)
             ... on level 6 of the Dungeon.
             The game lasted 00:04:55 (2715 turns).

robertstho the Stinger (Naga Venom Mage)            Turns: 2715, Time: 00:04:55

Health: -5/37      AC:  2    Str: 11    XL:     4   Next: 37%
Magic:  8/8        EV: 10    Int: 14    God:
Gold:   66         SH:  0    Dex: 11    Spells: 8/9 levels left

rFire    + . .     SeeInvis +   e - +2 dagger (venom)
rCold    + . .     Faith    .   (no shield)
rNeg     . . .     Spirit   .   a - +0 robe
rPois    +         Reflect  .   (no helmet)
rElec    +         Harm     .   (no cloak)
rCorr    +         Rampage  .   (no gloves)
Will     .....     Rnd*Rage +   (no barding)
Stlth    ++........             (no amulet)
HPRegen  0.12/turn              k - ring of resist corrosion
MPRegen  0.11/turn              (no ring)

@: short of breath, resistant, very slow
A: AC +1, large, see invisible, deformed body, poison resistance, slowness 2,
spit poison 1, naga tail 1, berserk 1, dopey 1
a: Spit Poison


You were on level 6 of the Dungeon.
You visited 1 branch of the dungeon, and saw 4 of its levels.

You collected 66 gold pieces.

Inventory:

Hand Weapons
 c - a +0 short sword
 e - a +2 dagger of venom (weapon)
Missiles
 h - a throwing net
Armour
 a - a +0 robe (worn)
Jewellery
 k - a ring of resist corrosion (left hand)
Scrolls
 g - a scroll of magic mapping
Potions
 b - a potion of attraction {unknown}
 d - a potion of curing {unknown}
 f - 2 potions of mutation
 j - a potion of degeneration {unknown}
 m - a potion of might {unknown}
 n - a potion of cancellation {unknown}


   Skills:
 + Level 0.3 Fighting
 + Level 1.9 Dodging
 + Level 3.2 Stealth
 * Level 3.2 Spellcasting
 + Level 1.2 Transmutations
 * Level 4.8 Poison Magic


You had 8 spell levels left.
You knew the following spells:

 Your Spells              Type           Power      Damage    Failure   Level
a - Sting                 Tmut/Pois      40%        1d5       6%          1

Your spell library contained the following spells:

 Spells                   Type           Power      Damage    Failure   Level
 Poisonous Vapours        Pois/Air       18%        N/A       12%         2
 Corona                   Hex            2%         N/A       22%         1
 Freeze                   Ice            8%         1d3       22%         1
 Ignite Poison            Fire/Tmut/Pois 7%         N/A       26%         3
 Olgreb's Toxic Radiance  Pois           15%        N/A       28%         4
 Ensorcelled Hibernation  Hex/Ice        4%         N/A       32%         2
 Mephitic Cloud           Conj/Pois/Air  6%         N/A       32%         3
 Confusing Touch          Hex            2%         N/A       54%         3
 Dazzling Flash           Conj/Hex       4%         N/A       54%         3
 Frozen Ramparts          Ice            4%         1d2       54%         3
 Ozocubu's Armour         Ice            2%         N/A       54%         3
 Tukima's Dance           Hex            2%         N/A       54%         3
 Hailstorm                Conj/Ice       2%         3d3       91%         4
 Metabolic Englaciation   Hex/Ice        1%         N/A       99%         5


Dungeon Overview and Level Annotations

Branches:
Dungeon (3/15)

Altars:
Fedhas
Xom
The Shining One

Shops:
D:1 [

Annotations:
D:1 Good armour shop
D:6 Grinder


Innate Abilities, Weirdness & Mutations

Your serpentine skin is tough. (AC +1)
You have supernaturally acute eyesight. (SInv)
Armour fits poorly on your strangely shaped body.
Your system is resistant to poisons. (rPois)
You cover ground very slowly.
You can spit poison.
You have a snake-like lower body.
You tend to lose your temper in combat.
You are dopey. (Int -2)


Message History

Press: ? - help, Shift-Dir - straight line, f - Grinder
Aim: Grinder The splash of poison hits Grinder.
Grinder is lightly wounded.
Cornered, the iguana turns to fight!
Grinder gestures at you. You resist with significant effort.
Aiming: Sting (safe; 5% risk of failure)
Press: ? - help, Q - select action, (/) - cycle Shift-Dir - straight line, f/p - Grinder
Aim: Grinder (lightly wounded, 68% to hit)
The sting hits Grinder but does no damage.
Grinder is poisoned.
Grinder is lightly wounded.
You aren't carrying any items that you can evoke.
As you read the scroll labelled MOPLACZEODA, it crumbles to dust.
You hear a loud clanging noise!
It was a scroll of noise.
You hear a shout!
The iguana closely misses you. x2
Okay, then.
It was a potion of resistance.
You feel protected. Grinder hits you.
You writhe in agony.
The iguana bites you! Grinder gestures at you. Pain shoots through your body!
You feel much better.
You have got your breath back.
Grinder looks more healthy.
The iguana bites you. Grinder hits you!
You writhe in agony.
Press: ? - help, Shift-Dir - straight line, f/p - Grinder
Aim: Grinder (lightly wounded)
The splash of poison hits Grinder.
Grinder completely resists.
Grinder is lightly wounded.
The iguana bites you!
* * * LOW HITPOINT WARNING * * *
Grinder barely misses you.
It was a potion of mutation.
You feel extremely strange.
You feel a little pissed off.
You feel stupid. The iguana bites you!
You die...

##########
#........##
#.S.......#
#@l........
#.5........
#########..


You could see Grinder, a water moccasin and an iguana.

Vanquished Creatures
  A gnoll (D:1)
  3 adders
  5 bats
  An endoplasm (D:1)
  2 giant cockroaches
  6 goblins
  5 hobgoblins
  4 jackals (D:1)
  4 kobolds
  A quokka (D:3)
  4 ball pythons
  2 frilled lizards (D:1)
  4 rats
42 creatures vanquished.

Vanquished Creatures (others)
  A fungus (D:1)
  11 plants (D:1)
12 creatures vanquished.

Grand Total: 54 creatures vanquished

Notes
Turn   | Place    | Note
-------+----------+-------------------------------------------
     0 | D:1      | robertstho the Naga Venom Mage began the quest for the Orb.
     0 | D:1      | Reached XP level 1. HP: 15/15 MP: 3/3
   445 | D:1      | Reached XP level 2. HP: 11/22 MP: 1/5
  1182 | D:1      | Reached XP level 3. HP: 27/28 MP: 7/7
  1211 | D:1      | Found a faded altar of an unknown god.
  1358 | D:1      | Found Miozxe's Antique Armour Emporium.
  1748 | D:2      | Reached XP level 4. HP: 37/37 MP: 6/8
  1856 | D:2      | Found a glowing golden altar of the Shining One.
  2276 | D:3      | Found a blossoming altar of Fedhas.
  2309 | D:3      | Found a shimmering altar of Xom.
  2703 | D:3      | You fall into a shaft and drop 3 floors!
  2704 | D:6      | Noticed Grinder
  2704 | D:6      | Noticed a water moccasin
  2715 | D:6      | Gained mutation: You tend to lose your temper in combat.
                  | [potion of mutation]
  2715 | D:6      | Gained mutation: You are dopey. (Int -2) [potion of
                  | mutation]
  2715 | D:6      | Slain by an iguana

Illustrated notes

Levels and vault maps discovered:
D:1:      scummos_arrival_gate, layout_basic, serial_shops, shop,
          shapermc_ecumenical_altar_hornbeckon, serial_park_tiny_2
D:2:      minmay_general_purpose_star, layout_rooms, serial_shops, shop,
          basic_altar, hangedman_decor_points
D:3:      layout_basic, fedhas_altar_2, lemuel_coloured_pillars_altar
D:6:      layout_rooms, kennysheep_little_box, chequers_arboretum,
          uniq_crazy_yiuf_cottage, uniq_grinder, uniq_maggie

Skill      XL: |  1  2  3 |
---------------+----------+-----
Spellcasting   | 3 |  3.2
Fighting       | |  0.3
Dodging        | |  1.9
Stealth        | |  3.2
Transmutations | |  1.2
Poison Magic   | |  4.8

Action                   |  1- 3 |  4- 6 || total
-------------------------+-------+-------++-------
Melee: Dagger            |    32 |    13 ||    45
       Short sword       |     2 |       ||     2
       Unarmed           |     2 |       ||     2
 Cast: Sting             |    21 |     3 ||    24
 Abil: Spit Poison       |    22 |     7 ||    29
  Use: Scroll            |       |     5 ||     5
       Potion            |       |     3 ||     3
 Stab: Sleeping          |       |     1 ||     1
Armor: Robe              |    11 |     8 ||    19
Dodge: Dodged            |    45 |    15 ||    60

Table legend: (Time is in decaauts)
 A = Elapsed time spent in this place.
 B = Non-inter-level travel time spent in this place.
 C = Inter-level travel time spent in this place.
 D = Time resting spent in this place.
 E = Time spent auto-exploring this place.
 F = Levels seen in this place.
 G = Mean time per level.
                   A        B        C        D        E       F      G
               +--------+--------+--------+--------+--------+-----+--------+
         Total |   3332 |   3254 |     78 |      0 |   2893 |   4 |  833.0 |
       Dungeon |   3332 |   3254 |     78 |      0 |   2893 |   4 |  833.0 |
               +--------+--------+--------+--------+--------+-----+--------+

Top non-repeatable levels by time:
     D:1: 1806 daAuts
     D:2: 835 daAuts
     D:3: 676 daAuts
     D:6: 13 daAuts
